 Dungeon Crawl Stone Soup version 0.18.1-5-g4a78601 (webtiles) character file.

106116 Romlok the Severer (level 15, -6/136 HPs)
             Began as a Minotaur Berserker on May 12, 2016.
             Was the Champion of Trog.
             Mangled by a sun demon (19 damage)
             ... summoned by a deep elf mage
             ... on level 2 of the Orcish Mines on May 13, 2016.
             The game lasted 04:12:03 (31533 turns).

Romlok the Severer (Minotaur Berserker)            Turns: 31533, Time: 04:12:04

Health: -6/136     AC: 11    Str: 23    XL:     15   Next: 96%
Magic:  15/15      EV: 18    Int:  7    God:    Trog [******]
Gold:   2545       SH:  0    Dex: 12    Spells: 0 memorised, 14 levels left

rFire  . . .     SeeInvis +     F - +13 executioner's axe of Contention {vamp, rElec rC+}
rCold  + . .     Gourm    +     e - +1 leather armour of the Original Sin {rElec} (curse)
rNeg   . . .     Faith    .     (shield currently unavailable)
rPois  .         Spirit   .     (helmet restricted)
rElec  +         Dismiss  .     z - +0 cloak
rCorr  .         Reflect  .     Y - +2 pair of gloves
SustAt .         Harm     .     v - +0 pair of boots
MR     +....                    B - amulet of the gourmand
Stlth  +.........               A - ring of see invisible
                                w - ring of flight (curse)

@: confused, drained, somewhat resistant to hostile enchantments, very
unstealthy
A: retaliatory headbutt, horns 2, blink, low mp 1
a: Blink, Berserk, Trog's Hand, Brothers in Arms, Burn Spellbooks, Renounce
Religion, Evoke Flight


You were on level 2 of the Orcish Mines.
You worshipped Trog.
Trog was exalted by your worship.
You were completely stuffed.

You visited 3 branches of the dungeon, and saw 25 of its levels.
You also visited: Labyrinth.

You collected 2545 gold pieces.

Inventory:

Hand Weapons
 o - a +3 battleaxe of flaming
 F - the +13 executioner's axe of Contention (weapon) {vamp, rElec rC+}
   (Trog gifted it to you on level 9 of the Dungeon)

   It inflicts no extra harm, but heals its wielder somewhat when it strikes a
   living foe.
   It protects you from cold.
   It insulates you from electricity.
 P - a +3 antimagic battleaxe
 V - a +5 broad axe of chopping
Missiles
 d - 797 stones (quivered)
Armour
 e - the cursed +1 leather armour of the Original Sin (worn) {rElec}
   (You took it off a minotaur in a labyrinth)

   It insulates you from electricity.
   It has a curse placed upon it.
 v - a +0 pair of boots (worn)
 z - a +0 cloak (worn)
 G - a +2 buckler
 Y - a +2 pair of gloves (worn)
Jewellery
 i - an uncursed ring of stealth
 q - an uncursed ring of positive energy
 u - an uncursed ring of resist corrosion
 w - a cursed ring of flight (left hand)
 A - a ring of see invisible (right hand)
 B - an amulet of the gourmand (around neck)
 K - an uncursed amulet of rage {unknown}
 S - an uncursed amulet of regeneration {unknown}
Wands
 h - a wand of paralysis (11/24)
 l - a wand of slowing (31/48)
 r - a wand of hasting (5/9)
 s - a wand of acid (7/15)
 D - a wand of digging (11/24)
 T - a wand of disintegration (7/24)
Comestibles
 c - 16 bread rations
 C - 28 fruits
 N - 21 chunks of flesh


   Skills:
 * Level 13.2(12.8) Fighting
 - Level 19.0(18.9) Axes
   Level 6.0(13.5) Maces & Flails
   Level 4.2(13.0) Polearms
 + Level 6.0(5.6) Throwing
 + Level 11.1(10.7) Armour
 * Level 13.0(12.6) Dodging
 + Level 10.1(9.7) Stealth
 - Level 5.0(4.7) Shields
 + Level 3.8(3.4) Evocations


You had 14 spell levels left.
You didn't know any spells.

Dungeon Overview and Level Annotations

Branches:
Dungeon (15/15)            Temple (0/1) D:6            Lair (8/8) D:10
 Shoals (0/4) Lair:4       Spider (0/4) Lair:3        Slime (0/6) Lair:8
    Orc (2/2) D:11         Vaults (0/5) D:14         Depths (0/5) D:15
    Elf: Orc:2

Altars:
Ashenzari
Cheibriados
Elyvilon
Fedhas
Makhleb
Nemelex Xobeh
Qazlal
Sif Muna
Trog
Vehumet
Yredelemnul
Zin
The Shining One

Shops:
D:5 %   D:6 [   D:9 =   D:10 (   Orc:1 *

Annotations:
Lair:1 exclusion: oklob plant
Lair:3 Harold
Lair:4 exclusion: water moccasin, Maud, Snorg


Innate Abilities, Weirdness & Mutations

You reflexively headbutt those who attack you in melee.
You have a pair of horns on your head.
You can translocate small distances at will.
Your magical capacity is low (-10% MP).


Message History

The sun demon is severely wounded.
You miss the hell rat.
The hell rat is lightly wounded.
You hit the neqoxec but do no damage.
The neqoxec is severely wounded.
The sun demon closely misses you. The neqoxec closely misses you.
The orc warrior closely misses you. The hell rat completely misses you.
The sun demon closely misses you.
You bump into the crystal wall.
The neqoxec gestures at you.
Something tries to feed on your intellect!
The hell rat closely misses you.
The deep elf mage gestures wildly while chanting.
The deep elf mage blinks!
The orc warrior hits you with a long sword!!
* * * LOW HITPOINT WARNING * * *
The sun demon hits you.
* * * LOW HITPOINT WARNING * * *
You are engulfed in flames!!
You die...

........... ..........
..Y....... ........$
#...#....e....
.............5######
..........e5r3#o.!$#..
...............e@o§......
................3#Yo..#..
.................######.
..#.....................
................e.$.....
#.......................
...................#.#.#
...[.[.<................
...))...........#.......


You could see a sun demon, 4 deep elf magi, a neqoxec, 2 orc warriors, 2 ice
beasts, a hell rat, a white imp, an orc and an ufetubus.

Vanquished Creatures
  The ghost of PossumBlood the Fencer, a journeyman MiFi of Okawaru (Lair:6)
  A minotaur (Lab)
  Josephine (D:13)
  A yaktaur captain (D:15)
  An ice dragon (Lair:8)
  6 hydras
  A rakshasa (D:10)
  A catoblepas (Lair:7)
  Erica (D:8)
  A death knight (D:10)
  3 centaur warriors
  21 death yaks
  Nergalle (D:11)
  An unseen horror (D:14)
  A wizard (D:14)
  A skeletal warrior (D:10)
  2 lindwurms (Lair:8)
  5 hill giants
  3 wolf spider zombies
  2 griffons
  A necromancer (D:14)
  5 cyclopes
  7 ugly things
  6 deep elf magi
  An orc knight (Orc:1)
  8 elephants
  4 manticores
  Psyche (D:11)
  7 black mambas
  5 torpor snails (Lair:8)
  21 spiny frogs
  2 gargoyles
  3 freezing wraiths
  2 rime drakes
  An efreet (D:14)
  2 kobold demonologists
  12 komodo dragons
  A yaktaur (D:15)
  8 polar bears (Lair:8)
  A polar bear (shapeshifter) (D:10)
  9 trolls
  6 giant leeches (Lair:8)
  Grinder (D:3)
  23 blink frogs
  2 slime creatures (Lair:8)
  4 two-headed ogres
  A snapping turtle (Lair:4)
  5 raiju (Lair:8)
  A shadow (D:15)
  5 wraiths
  5 wyverns
  A vampire (D:14)
  A tarantella (shapeshifter) (D:14)
  6 humans (D:8)
  The ghost of Mandevil the Chopper, an amateur HOWr (D:4)
  48 yaks
  4 basilisks
  20 hippogriffs
  7 wargs
  2 hungry ghosts
  2 mottled dragons
  9 water moccasins
  5 hell hounds (Lair:8)
  16 porcupines
  16 orc warriors
  4 sky beasts
  5 wasps (Lair:8)
  3 ice beasts
  15 black bears
  3 necrophages
  7 ogres
  3 phantoms
  9 centaurs
  14 wolves (Lair:8)
  Blork the orc (D:5)
  7 big kobolds
  17 crocodiles
  18 giant frogs
  A gnoll sergeant (D:10)
  An earth elemental (Lab)
  A wyvern zombie (D:9)
  2 wyvern skeletons
  7 scorpions
  4 killer bees (D:9)
  4 wights
  3 howler monkeys
  4 electric eels
  A centaur zombie (D:6)
  8 crimson imps
  9 jellies
  3 quasits
  2 giant frog zombies
  24 hounds
  13 orc wizards
  12 orc priests
  6 centaur skeletons
  A giant frog skeleton (D:13)
  6 iguanas
  Terence (D:3)
  Natasha (thrice) (D:3)
  10 worker ants
  24 sheep
  A hound skeleton (D:8)
  A howler monkey zombie (D:10)
  A worker ant zombie (D:5)
  14 adders
  7 gnolls
  53 river rats
  3 shadow imps
  3 oozes
  An adder skeleton (D:4)
  2 adder zombies
  16 worms
  2 dart slugs
  10 giant geckos
  62 orcs
  5 giant cockroaches
  2 goblins
  6 hobgoblins
  20 jackals
  5 quokkas
  4 bats
  8 giant newts
  2 jackal skeletons
  24 kobolds
  A quokka skeleton (D:10)
  A quokka zombie (D:6)
  A rat (D:2)
  A bush (Lair:8)
  5 fungi
  6 plants
876 creatures vanquished.

Vanquished Creatures (collateral kills)
  A centaur (D:9)
  A wight (D:9)
  A crimson imp (D:9)
3 creatures vanquished.

Vanquished Creatures (others)
  A bush (Lair:8)
  25 fungi
  53 plants
79 creatures vanquished.

Grand Total: 958 creatures vanquished

Notes
Turn   | Place    | Note
--------------------------------------------------------------
     0 | D:1      | Romlok the Minotaur Berserker began the quest for the Orb.
     0 | D:1      | Reached XP level 1. HP: 19/19 MP: 0/0
   435 | D:1      | Reached skill level 4 in Axes
   656 | D:1      | Reached XP level 2. HP: 25/26 MP: 1/1
  1639 | D:2      | Reached XP level 3. HP: 26/31 MP: 2/2
  1673 | D:2      | Reached skill level 5 in Axes
  1705 | D:2      | Reached XP level 4. HP: 39/39 MP: 3/3
  1845 | D:2      | Reached ** piety under Trog
  1970 | D:3      | Noticed Grinder
  1981 | D:3      | Killed Grinder
  1981 | D:3      | Reached skill level 7 in Axes
  1981 | D:3      | Reached skill level 1 in Throwing
  1981 | D:3      | Reached XP level 5. HP: 42/45 MP: 4/4
  1981 | D:3      | Reached XP level 6. HP: 47/51 MP: 5/5
  2360 | D:3      | Found a blossoming altar of Fedhas.
  2367 | D:3      | Found a stormy altar of Qazlal.
  2402 | D:3      | Found a glowing golden altar of the Shining One.
  2500 | D:3      | Noticed Natasha
  2509 | D:3      | Killed Natasha
  2812 | D:3      | Noticed Natasha
  2819 | D:3      | Killed Natasha
  2819 | D:3      | Reached skill level 8 in Axes
  2834 | D:3      | Noticed Terence
  2844 | D:3      | Killed Terence
  2957 | D:3      | Found a bloodstained altar of Trog.
  3038 | D:3      | Noticed Natasha
  3042 | D:3      | Killed Natasha
  3091 | D:4      | Noticed Mandevil's ghost (amateur HOWr)
  3284 | D:4      | Reached skill level 9 in Axes
  3284 | D:4      | Reached XP level 7. HP: 57/57 MP: 6/6
  3396 | D:4      | Found a white marble altar of Elyvilon.
  3595 | D:4      | Found a basalt altar of Yredelemnul.
  3715 | D:4      | Killed Mandevil's ghost
  3715 | D:4      | Reached skill level 10 in Axes
  3782 | D:4      | Reached *** piety under Trog
  3876 | D:4      | Found a sparkling altar of Nemelex Xobeh.
  3910 | D:5      | Entered Level 5 of the Dungeon
  3941 | D:5      | Noticed Blork the orc
  3967 | D:5      | Killed Blork the orc
  4341 | D:5      | Reached XP level 8. HP: 63/64 MP: 7/7
  4397 | D:5      | Found a radiant altar of Vehumet.
  4420 | D:5      | Found Jiufae's Food Boutique.
  4450 | D:5      | Found a deep blue altar of Sif Muna.
  4455 | D:5      | Found a glowing silver altar of Zin.
  4555 | D:5      | Reached skill level 11 in Axes
  4815 | D:5      | Found a burning altar of Makhleb.
  5274 | D:5      | Reached skill level 12 in Axes
  5593 | D:6      | Found Ubof's Antique Armour Shop.
  5617 | D:6      | Reached **** piety under Trog
  5856 | D:6      | Found a bloodstained altar of Trog.
  5967 | D:6      | Reached skill level 13 in Axes
  6243 | D:6      | Reached XP level 9. HP: 70/70 MP: 8/8
  6313 | D:6      | Found a staircase to the Ecumenical Temple.
  7139 | D:7      | Found a shattered altar of Ashenzari.
  7146 | D:7      | Got a dazzling ring mail
  7319 | D:7      | Reached skill level 14 in Axes
  7686 | D:8      | Noticed Erica
  7698 | D:8      | Killed Erica
  7698 | D:8      | Reached skill level 5 in Fighting
  7698 | D:8      | Reached skill level 5 in Armour
  7698 | D:8      | Reached skill level 1 in Stealth
  7943 | D:8      | Reached XP level 10. HP: 50/84 MP: 3/9
  8484 | D:8      | Reached ***** piety under Trog
  8742 | D:8      | Noticed a two-headed hydra
  8748 | D:8      | Killed a one-headed hydra
  8748 | D:8      | Reached skill level 5 in Dodging
  9897 | D:9      | Found a snail-covered altar of Cheibriados.
 10365 | D:9      | Received a gift from Trog
 10366 | D:9      | Got a crude executioner's axe {god gift}
 10367 | D:9      | Identified the +13 executioner's axe of Contention {vamp, rElec rC+} (Trog gifted it to you on level 9 of the Dungeon)
 10842 | D:9      | Reached XP level 11. HP: 92/97 MP: 10/10
 10966 | D:9      | Found Deecel's Jewellery Shoppe.
 11274 | D:10     | Entered Level 10 of the Dungeon
 11634 | D:10     | Found Naisin's Antique Weapon Shoppe.
 11722 | D:10     | Noticed a hill giant
 11755 | D:10     | Found a staircase to the Lair.
 11829 | Lair:1   | Entered Level 1 of the Lair of Beasts
 11858 | Lair:2   | Reached skill level 10 in Fighting
 11861 | Lair:2   | Reached skill level 5 in Stealth
 11915 | Lair:2   | Noticed an eight-headed hydra
 11992 | Lair:3   | Noticed a griffon
 12091 | Lair:1   | Reached skill level 1 in Maces & Flails
 12600 | Lair:1   | Received a gift from Trog
 12640 | Lair:1   | Noticed an oklob plant
 13173 | Lair:2   | Noticed a seven-headed hydra
 13194 | Lair:2   | Reached skill level 1 in Polearms
 13373 | Lair:2   | Reached skill level 5 in Maces & Flails
 14080 | Lair:3   | Noticed a death yak
 14080 | Lair:3   | Noticed a death yak
 14080 | Lair:3   | Noticed a death yak
 14081 | Lair:3   | Noticed a death yak
 14097 | Lair:2   | Killed a five-headed hydra
 14097 | Lair:2   | Reached XP level 12. HP: 106/106 MP: 11/11
 14539 | Lair:2   | Killed a four-headed hydra
 14840 | Lair:3   | Noticed a four-headed hydra
 14846 | Lair:3   | Killed a one-headed hydra
 15328 | Lair:3   | Found a hole to the Spider Nest.
 15429 | Lair:3   | Reached skill level 15 in Axes
 15439 | Lair:3   | Noticed Harold
 15664 | Lair:3   | Killed a death yak
 15677 | Lair:3   | Killed a death yak
 15681 | Lair:3   | Killed a death yak
 15685 | Lair:3   | Killed a death yak
 16374 | Lair:4   | Found a staircase to the Shoals.
 16461 | Lair:4   | Received a gift from Trog
 16651 | Lair:4   | Noticed a death yak
 16651 | Lair:4   | Noticed a death yak
 16657 | Lair:4   | Noticed a death yak
 16677 | Lair:4   | Noticed a death yak
 16684 | Lair:4   | Noticed a death yak
 16685 | Lair:4   | Noticed a death yak
 16686 | Lair:4   | Killed a death yak
 16690 | Lair:4   | Killed a death yak
 16695 | Lair:4   | Killed a death yak
 16697 | Lair:4   | Killed a death yak
 16698 | Lair:4   | Killed a death yak
 16698 | Lair:4   | Reached XP level 13. HP: 113/113 MP: 12/12
 16701 | Lair:4   | Reached skill level 16 in Axes
 16840 | Lair:4   | Noticed Snorg
 16934 | Lair:4   | Noticed Maud
 17195 | Lair:5   | Found a labyrinth entrance.
 17227 | Lab      | Entered a labyrinth
 17675 | Lab      | Noticed a minotaur
 17682 | Lab      | Killed a minotaur
 17685 | Lab      | Got a jewelled leather armour
 17689 | Lab      | Got an ichor-stained battleaxe
 18356 | Lair:5   | Received a gift from Trog
 19188 | Lair:6   | Noticed PossumBlood's ghost (journeyman MiFi)
 19347 | Lair:6   | Reached skill level 10 in Dodging
 19552 | Lair:6   | Reached skill level 10 in Armour
 20006 | Lair:6   | Killed PossumBlood's ghost
 20422 | Lair:6   | Reached skill level 17 in Axes
 20889 | Lair:8   | Entered Level 8 of the Lair of Beasts
 21204 | Lair:7   | Received a gift from Trog
 21392 | Lair:7   | Reached skill level 1 in Shields
 21663 | Lair:7   | Reached XP level 14. HP: 122/122 MP: 13/13
 21984 | Lair:8   | Found a staircase to the Slime Pits.
 22424 | Lair:8   | Identified the cursed +1 leather armour of the Original Sin {rElec} (You took it off a minotaur in a labyrinth)
 22665 | Lair:8   | Reached skill level 18 in Axes
 23055 | Lair:8   | Received a gift from Trog
 23385 | Lair:8   | Reached ****** piety under Trog
 23597 | Lair:8   | Reached skill level 5 in Shields
 23837 | Lair:8   | Found a runed door.
 23868 | Lair:8   | Received a gift from Trog
 23931 | Lair:8   | Received a gift from Trog
 23942 | Lair:8   | Reached skill level 1 in Evocations
 25302 | D:10     | Reached XP level 15. HP: 106/132 MP: 15/15
 25639 | D:10     | Received a gift from Trog
 25795 | D:11     | Noticed Psyche
 25883 | D:11     | Found a staircase to the Orcish Mines.
 26071 | D:11     | Noticed Nergalle
 26132 | D:11     | Killed Nergalle
 26459 | D:11     | Killed Psyche
 26631 | D:11     | Reached skill level 19 in Axes
 27355 | D:12     | Received a gift from Trog
 27356 | D:12     | Got a jewelled short sword {god gift}
 27910 | D:13     | Noticed Josephine
 27926 | D:13     | Killed Josephine
 28087 | D:13     | Found a blossoming altar of Fedhas.
 28161 | D:13     | Reached skill level 5 in Throwing
 28734 | D:14     | Found a gate to the Vaults.
 28758 | D:14     | You fall through a shaft!
 28758 | D:15     | Entered Level 15 of the Dungeon
 28960 | D:14     | Found a shattered altar of Ashenzari.
 29663 | D:15     | Received a gift from Trog
 29946 | D:15     | Identified the +10 short sword of Conflict {distort, Str+4} (Trog gifted it to you on level 12 of the Dungeon)
 30020 | D:15     | Gained mutation: You can translocate small distances at will. [mutagenic glow]
 30361 | D:15     | Reached skill level 10 in Stealth
 30644 | D:15     | Found a staircase to the Depths.
 30917 | Orc:1    | Entered Level 1 of the Orcish Mines
 31133 | Orc:1    | Found Wthrar's Whimsical Warehouse.
 31328 | Orc:2    | Entered Level 2 of the Orcish Mines
 31523 | Orc:2    | Received a gift from Trog
 31530 | Orc:2    | Gained mutation: Your magical capacity is low (-10% MP). [a neqoxec]
 31533 | Orc:2    | Mangled by a sun demon

Skill      XL: |  1  2  3  4  5  6  7  8  9 10 11 12 13 14 15 |
---------------+----------------------------------------------+-----
Axes           | 4 5 7 9 10 13 14 15 17 18 19 | 19.0
Armour         | 3 4 5 7 9 10 11 | 11.1
Throwing       | 1 2 4 6 |  6.0
Fighting       | 6 9 10 11 13 | 13.2
Dodging        | 4 6 7 9 10 11 13 | 13.0
Stealth        | 2 4 6 7 8 9 10 | 10.1
Maces & Flails | 5 6 |  6.0
Polearms       | 3 4 |  4.2
Shields        | 1 5 |  5.0
Evocations     | 1 3 |  3.8

Action                   |  1- 3 |  4- 6 |  7- 9 | 10-12 | 13-15 || total
-------------------------+-------+-------+-------+-------+-------++-------
Melee: Hand axe          |    38 |    84 |   380 |   290 |       ||   792
       Headbutt          |     3 |    20 |    72 |    99 |   222 ||   416
       Executioner's axe |       |       |       |   245 |  1079 ||  1324
Throw: Stone             |    12 |    39 |    74 |   103 |    39 ||   267
Invok: Berserk           |     1 |     3 |     5 |     8 |     5 ||    22
       Burn Spellbooks   |       |     1 |       |     4 |     2 ||     7
       Trog's Hand       |       |       |     1 |     2 |     3 ||     6
       Brothers in Arms  |       |       |       |     1 |       ||     1
 Stab: Sleeping          |       |       |     1 |    11 |    26 ||    38
       Distracted        |       |       |       |     4 |     9 ||    13
  Eat: Chunk             |     2 |     8 |    27 |    45 |    67 ||   149
       Pizza             |       |       |     2 |       |       ||     2
Armor: Animal skin       |     3 |       |       |       |       ||     3
       Leather armour    |     4 |    13 |    66 |    74 |   203 ||   360
Dodge: Dodged            |    25 |    39 |   148 |   275 |   835 ||  1322
